 Dungeon Crawl Stone Soup version 0.31.0-9-g3a7656b989 (webtiles) character file.

Game seed: 12541810842152105375

88 qw the Shooter (level 4, -1/25 HPs)
             Began as a Deep Elf Hunter on Feb 2, 2024.
             Slain by Sigmund
             ... wielding a +2 scythe of flaming
              (4 damage)
             ... on level 3 of the Dungeon.
             The game lasted 00:00:05 (1815 turns).

qw the Shooter (Deep Elf Hunter)                    Turns: 1815, Time: 00:00:06

Health: -1/25      AC:  6    Str: 10    XL:     4   Next: 29%
Magic:  6/6        EV: 11    Int: 14    God:
Gold:   105        SH:  0    Dex: 18    Spells: 3/3 levels left

rFire   . . .        a - +0 shortbow
rCold   . . .        (shield currently unavailable)
rNeg    . . .        f - +0 ring mail
rPois   .            (no helmet)
rElec   .            (no cloak)
rCorr   .            (no gloves)
SInv    .            i - +0 pair of boots
Will    .....        (no amulet)
Stlth   +            (no ring)
HPRegen 0.24/turn    (no ring)
MPRegen 0.10/turn

%: no passive effects
@: no status effects
A: no striking features
a: no special abilities


You were on level 3 of the Dungeon.
You visited 1 branch of the dungeon, and saw 3 of its levels.

You collected 105 gold pieces.


   Skills:
 - Level 1.5 Fighting
 + Level 7.7 Ranged Weapons
 - Level 2.4 Dodging
 - Level 1.2 Stealth


You had 3 spell levels left.
You didn't know any spells.
Your spell library was empty.

Inventory:

Hand Weapons
 a - a +0 shortbow (weapon)
Armour
 f - a +0 ring mail (worn)
 i - a +0 pair of boots (worn)
Potions
 g - a potion of cancellation
 h - a potion of heal wounds
 k - a potion of might {unknown}

Dungeon Overview and Level Annotations

Branches:
Dungeon (3/15)

Altars:
Sif Muna

Shops:
D:1 [

Annotations:
D:3 Sigmund


Message History

The arrow closely misses the ball python.
You shoot an arrow. The arrow hits the ball python.
You kill the ball python!
You see here a ball python corpse.
You see here a scroll of revelation.
A goblin comes into view. It is wielding a +0 club.
You shoot an arrow. The arrow hits the goblin.
You kill the goblin!
Found a stone staircase leading down.
You now have 105 gold pieces (gained 7).
You open the door.
There is an open door here.
You open the door.
There is an open door here.
Found a stone staircase leading down.
Enter note:
Enter note:
Enter note:
Enter note:
Enter note:
Found a sling.
Sigmund the Dreaded comes into view.
He is wielding a +2 scythe of flaming.
You shoot an arrow. The arrow closely misses Sigmund.
Sigmund hits you from afar with a +2 scythe of flaming.
Sigmund burns you.
You shoot an arrow. The arrow closely misses Sigmund.
Sigmund barely misses you.
You shoot an arrow. The arrow hits Sigmund.
Sigmund is moderately wounded.
Sigmund gestures wildly while chanting.
Sigmund flickers and vanishes!
Deactivating autopickup; reactivate with Ctrl-A.
You shoot an arrow. Something hits you! Something burns you.
You shoot an arrow. You shoot an arrow. Something hits you.
Something burns you.
You shoot an arrow. Something hits you.
You die...

#.......# ##...## #.#####.#
#####.##### ##'## #.#####.#
#........######.# #.......#
#.##.###........# #######.#
#.##.# #.######.## #.#
#.##.###.#####...##### #.#
#.##.>).....>........# #.#
#.######.###.#.......######.#
##.######. ##@##..###...%....#
##..........{......###..#######
###....#########..........#
#........... ####.#####.#
#.#########. #..###.## #.#
#.#...## #.# #.##### #.# #.#
#.# #####.#


There were no monsters in sight!

Vanquished Creatures
  Natasha (D:3)
  An adder (D:2)
  A dart slug (D:1)
  3 endoplasms (D:1)
  3 giant cockroaches (D:1)
  11 goblins
  4 hobgoblins
  4 jackals (D:1)
  3 quokkas
  5 ball pythons
  2 bats
  3 frilled lizards
  3 kobolds
  5 rats
49 creatures vanquished.

Notes
Turn   | Place    | Note
-------+----------+-------------------------------------------
     0 | D:1      | qw the Deep Elf Hunter began the quest for the Orb.
     0 | D:1      | Reached XP level 1. HP: 12/12 MP: 3/3
     0 | D:1      | 0 ||| qw: Version: 0.3-a-155-g5e7d8dd
     0 | D:1      | 0 ||| qw: Game counter: 2547
     0 | D:1      | 0 ||| qw: Melee chars always use a shield: true
     0 | D:1      | 0 ||| qw: God list: Okawaru
     0 | D:1      | 0 ||| qw: Allow faded altars: false
     0 | D:1      | 0 ||| qw: Do Orc after clearing Dungeon:15 true
     0 | D:1      | 0 ||| qw: Do second Lair branch before Depths: true
     0 | D:1      | 0 ||| qw: Lair rune preference: random
     0 | D:1      | 0 ||| qw: Goals: Normal
     0 | D:1      | 0 ||| PLANNING D:1-11
    64 | D:1      | Reached XP level 2. HP: 16/16 MP: 4/4
    86 | D:1      | Reached skill level 6 in Ranged Weapons
   397 | D:1      | Reached XP level 3. HP: 18/20 MP: 5/5
   657 | D:1      | Found Iteu's Antique Armour Boutique.
   666 | D:1      | 666 ||| SHOPLISTING fading scale mail (216 gold, have 34).
   666 | D:1      | 666 ||| SHOPLISTING helmet (108 gold, have 34).
   666 | D:1      | 666 ||| SHOPLISTING shiny scale mail (168 gold, have 34).
   706 | D:1      | 706 ||| UPGRADING to +0 ring mail.
   716 | D:1      | 716 ||| DROPPING +0 leather armour.
   717 | D:1      | 717 ||| UPGRADING to +0 pair of boots.
   722 | D:1      | 722 ||| READING scroll labelled KAZAUNLAID.
   722 | D:1      | 722 ||| IDENTIFYING murky amethyst potion
   723 | D:1      | 723 ||| DROPPING scroll of butterflies.
   724 | D:1      | 724 ||| DROPPING potion of invisibility.
   826 | D:2      | Found a shimmering blue altar of Sif Muna.
  1117 | D:2      | Reached skill level 7 in Ranged Weapons
  1455 | D:2      | 1455 ||| READING 3 scrolls of identify.
  1455 | D:2      | 1455 ||| IDENTIFYING glowing grey potion
  1456 | D:2      | 1456 ||| READING 2 scrolls of identify.
  1456 | D:2      | 1456 ||| IDENTIFYING viscous golden potion
  1457 | D:2      | 1457 ||| READING scroll of identify.
  1457 | D:2      | 1457 ||| IDENTIFYING murky silvery potion
  1458 | D:2      | 1458 ||| READING scroll labelled HOTYD SUXOI.
  1459 | D:2      | 1459 ||| READING scroll labelled HUT JAF HEY.
  1460 | D:2      | 1460 ||| READING scroll labelled PAHOIH TUPPIU.
  1461 | D:2      | 1461 ||| DROPPING potion of magic.
  1523 | D:3      | Noticed Natasha
  1535 | D:3      | Killed Natasha
  1536 | D:3      | Reached XP level 4. HP: 15/25 MP: 6/6
  1808 | D:3      | Noticed Sigmund
  1812 | D:3      | HP: 6/25 [something (3)]
  1814 | D:3      | HP: 2/25 [something (1)]
  1815 | D:3      | Slain by Sigmund

Levels and vault maps discovered:
D:1:      minmay_arrival_cross, layout_loops_ring, serial_shops,
          nicolae_lakefront_shop, supply_closet_lemuel
D:2:      layout_basic, basic_altar
D:3:      minmay_recursive_quarters, layout_loops_corners,
          grunt_gozag_breadcrumbs, hellmonk_ecumenical_altar_inner_sanctum,
          uniq_sigmund, uniq_natasha

Skill      XL: |  1  2  3 |
---------------+----------+-----
Ranged Weapons | 6 7 |  7.7
Fighting       | |  1.5
Dodging        | |  2.4
Stealth        | |  1.2

Action                     |  1- 3 |  4- 6 || total
---------------------------+-------+-------++-------
   Fire: Shortbow          |   133 |    12 ||   145
    Use: Scroll            |     7 |       ||     7
 Armour: Leather armour    |    14 |       ||    14
         Ring mail         |     7 |     4 ||    11
  Dodge: Dodged            |    24 |     1 ||    25

Table legend:
 A = Non-vault XP
 B = Vault XP
 C = Vault XP percentage of total XP
 D = Non-vault monster count
 E = Vault monster count
 F = Vault count percentage of total count
                 A         B        C        D         E       F
            +---------+---------+-------+---------+---------+-------
      Total |      93 |      33 |  26.2 |      48 |       1 |   2.0
            +---------+---------+-------+---------+---------+-------
        D:1 |      54 |       0 |   0.0 |      30 |       0 |   0.0
        D:2 |      30 |       0 |   0.0 |      12 |       0 |   0.0
        D:3 |       9 |      33 |  78.6 |       6 |       1 |  14.3
            +---------+---------+-------+---------+---------+-------
